 Dungeon Sprint DCSS version 0.16-a0-3807-g3748f16 (console) character file.

2222 Monkaria the Fencer (level 9, -3/90 HPs)
             Began as a Hill Orc Fighter on Jan 27, 2015.
             Was an Elder of Makhleb.
             Killed by drain life
             ... invoked by a soul eater
             ... summoned by a kobold demonologist
              (12 damage)
             ... in the Dungeon (Sprint IX: "|||||||||||||||||||||||||||||").
             The game lasted 00:02:38 (554 turns).

Monkaria the Fencer (Hill Orc Fighter)               Turns: 554, Time: 00:02:39

Health: -3/90      AC: 11    Str: 25    XL:     9   Next: 35%
Magic:  10/22      EV:  7    Int:  8    God:    Makhleb [****..]
Gold:   0          SH:  9    Dex: 10    Spells: 0 memorised, 8 levels left

rFire  . . .     SeeInvis .     p - +2 scimitar (flame)
rCold  . . .     Clarity  .     r - +1 chain mail
rNeg   . . .     SustAb   .     c - +0 shield
rPois  .         Gourm    .     (no helmet)
rElec  .         Spirit   .     (no cloak)
rCorr  .         Warding  .     (no gloves)
rMut   .         NoTele   +     q - +0 pair of boots
MR     .....                    (no amulet)
Stlth  ..........               t - +3 ring of strength
                                s - +2 ring of evasion

@: very slightly contaminated, hasted, very quick, not resistant to hostile
enchantments, extremely unstealthy
A: no striking features
a: Minor Destruction, Lesser Servant of Makhleb, Major Destruction, Renounce
Religion


You were in the Dungeon.
You worshipped Makhleb.
Makhleb was greatly pleased with you.
You were not hungry.

You visited 1 branch

Inventory:

Hand weapons
 p - a +2 scimitar of flaming (weapon)
Armour
 b - a +0 plate armour
 c - a +0 shield (worn)
 q - a +0 pair of boots (worn)
 r - a +1 chain mail (worn)
Jewellery
 s - a +2 ring of evasion (left hand)
 t - a +3 ring of strength (right hand)
Magical devices
 o - a wand of draining (4)
Scrolls
 k - 2 scrolls of blinking
 m - 3 scrolls of remove curse
 n - 2 scrolls of amnesia
Potions
 e - a potion of might
 f - 3 potions of curing
 i - 4 potions of magic
 j - a potion of berserk rage
 l - a potion of invisibility
Comestibles
 a - 4 chunks of flesh
 d - a meat ration


   Skills:
 - Level 12.0 Fighting
 - Level 17.0 Long Blades
 - Level 3.2 Armour
 - Level 3.2 Shields
 + Level 10.3 Invocations


You had 8 spell levels left.
You didn't know any spells.

Dungeon Overview and Level Annotations

Branches:
Dungeon (1/1)

Altars:
Cheibriados
Dithmenos
Elyvilon
Fedhas
Gozag
Kikubaaqudgha
Makhleb
Nemelex Xobeh
Okawaru
Qazlal
Ru
Sif Muna
Trog
Vehumet
Xom
Yredelemnul
Zin
The Shining One
Beogh
Jiyva
Lugonu


Message History

The hellwing hits you.
* * * LOW HITPOINT WARNING * * *
The kobold demonologist's eyes start to glow.
Things that are here:
a troll corpse; a sky beast corpse The crimson imp blinks!
You closely miss the crimson imp.
The crimson imp blinks!
The hellwing blocks your attack. You block the hellwing's attack.
The hellwing closely misses you. The red devil completely misses you.
The hellwing blocks your attack.
The kobold demonologist mumbles some strange words.
The hellwing blocks your attack.
The hellwing hits you but does no damage.
The hellwing closely misses you.
The red devil hits you from afar with a trident!
* * * LOW HITPOINT WARNING * * *
Drink which item? (? for menu, Esc to quit)
You feel better.
The soul eater draws from the surrounding life force!
You die...

▓+▓
▓3▓
▓5▓
▓K▓
▓4▓
▓4▓
▓@▓
▓'▓
▓.▓
▓.▓
▓)▓
▓)▓
▓.▓
▓.▓
▓)▓


You could see a soul eater, a hellwing, a kobold demonologist, a red devil and a
crimson imp.

Vanquished Creatures
  A catoblepas (D)
  A hill giant (D)
  An ugly thing (D)
  A troll (D)
  A wyvern (D)
  2 sky beasts (D)
  An orc warrior (D)
  A giant frog (D)
  A scorpion (D)
  A giant mite (D)
  An orc (D)
  A bat (D)
  A bat skeleton (D)
  A bat zombie (D)
  A hobgoblin (D)
  2 giant cockroaches (D)
  2 kobolds (D)
  A rat (D)
21 creatures vanquished.

Notes
Turn   | Place    | Note
--------------------------------------------------------------
     0 | D        | Monkaria, the Hill Orc Fighter, began the quest for the Orb.
     0 | D        | Reached XP level 1. HP: 19/19 MP: 1/1
     8 | D        | Reached skill level 4 in Fighting
    17 | D        | Reached XP level 2. HP: 14/28 MP: 2/2
   163 | D        | Noticed a scorpion
   178 | D        | Killed a scorpion
   178 | D        | Reached skill level 6 in Fighting
   178 | D        | Reached skill level 7 in Long Blades
   178 | D        | Reached XP level 3. HP: 22/38 MP: 3/3
   178 | D        | Reached XP level 4. HP: 26/45 MP: 4/4
   183 | D        | Found a glowing silver altar of Zin.
   183 | D        | Found a glowing golden altar of the Shining One.
   183 | D        | Found an ancient bone altar of Kikubaaqudgha.
   183 | D        | Found a basalt altar of Yredelemnul.
   183 | D        | Found a shimmering altar of Xom.
   183 | D        | Found a radiant altar of Vehumet.
   183 | D        | Found an iron altar of Okawaru.
   184 | D        | Found a burning altar of Makhleb.
   185 | D        | Found a deep blue altar of Sif Muna.
   186 | D        | Found a bloodstained altar of Trog.
   187 | D        | Found a sparkling altar of Nemelex Xobeh.
   188 | D        | Found a white marble altar of Elyvilon.
   189 | D        | Found a roughly hewn altar of Beogh.
   190 | D        | Found a viscous altar of Jiyva.
   191 | D        | Found a corrupted altar of Lugonu.
   192 | D        | Found a blossoming altar of Fedhas.
   193 | D        | Became a worshipper of Makhleb the Destroyer
   194 | D        | Found a snail-covered altar of Cheibriados.
   195 | D        | Found a shadowy altar of Dithmenos.
   196 | D        | Found a stormy altar of Qazlal.
   197 | D        | Found an opulent altar of Gozag.
   198 | D        | Found a sacrificial altar of Ru.
   343 | D        | Noticed a giant frog
   343 | D        | Noticed an orc warrior
   343 | D        | Noticed a hill giant
   343 | D        | Noticed a sky beast
   343 | D        | Noticed a wyvern
   346 | D        | Killed a sky beast
   346 | D        | Reached skill level 8 in Fighting
   346 | D        | Reached skill level 9 in Long Blades
   346 | D        | Reached XP level 5. HP: 27/53 MP: 5/5
   346 | D        | Killed an orc warrior
   346 | D        | Reached skill level 10 in Long Blades
   346 | D        | Reached XP level 6. HP: 29/63 MP: 6/6
   347 | D        | Killed a wyvern
   347 | D        | Acquired Makhleb's first power
   347 | D        | Reached skill level 10 in Fighting
   347 | D        | Reached skill level 12 in Long Blades
   348 | D        | Killed a hill giant
   348 | D        | Acquired Makhleb's second power
   348 | D        | Reached skill level 14 in Long Blades
   348 | D        | Reached XP level 7. HP: 45/77 MP: 7/7
   348 | D        | Reached XP level 8. HP: 48/83 MP: 8/8
   351 | D        | Killed a giant frog
   488 | D        | Noticed a kobold demonologist
   488 | D        | Noticed a troll
   488 | D        | Noticed a red ugly thing
   488 | D        | Noticed a sky beast
   488 | D        | Noticed a catoblepas
   507 | D        | Killed a catoblepas
   507 | D        | Reached skill level 16 in Long Blades
   510 | D        | Killed a sky beast
   510 | D        | Acquired Makhleb's third power
   510 | D        | Reached skill level 17 in Long Blades
   514 | D        | Noticed an orange demon
   532 | D        | Killed a red ugly thing
   532 | D        | Reached XP level 9. HP: 27/90 MP: 8/20
   540 | D        | Killed a troll
   540 | D        | Reached skill level 10 in Invocations
   545 | D        | Noticed a hellwing
   547 | D        | Noticed a red devil
   547 | D        | Acquired Makhleb's fourth power
   553 | D        | Noticed a soul eater
   553 | D        | HP: 2/90 [red devil/trident[a kobold demonologist] (8)]
   554 | D        | Killed from afar by a soul eater

Action                   |  1- 3 |  4- 6 |  7- 9 || total
-------------------------+-------+-------+-------++-------
Melee: Long sword        |    25 |       |       ||    25
       Scimitar          |       |     2 |    44 ||    46
Evoke: Wand              |       |     3 |       ||     3
  Use: Potion            |       |       |     6 ||     6
